PAA
RICHLAND RAILS @ MARQUETTE MINERS
08/31/2020
 
TOP OF THE 1ST
Richland Rails batting - Pitching for Marquette Miners : LHP Jim Unknown
Pitching: LHP Jim Unknown
Batting: RHB Alexis Smeddon 0-0: Swinging Strike
0-1: Swinging Strike
0-2: Strikes out swinging
Batting: SHB Carlton Reed 0-0: Ball
1-0: Called Strike
1-1: Foul Ball, location: 2F
1-2: Strikes out swinging
Batting: RHB Tiaki Kunani 0-0: Ball
1-0: Foul Ball, location: 2F
1-1: Foul Ball, location: 2F
1-2: Foul Ball, location: 2F
1-2: Fly out, F8 (Flyball, 8RD)
Top of the 1st over - 0 run(s), 0 hit(s), 0 error(s), 0 left on base; Richland 0 - Marquette 0
BOTTOM OF THE 1ST
Marquette Miners batting - Pitching for Richland Rails : RHP Jim Unknown
Pitching: RHP Jim Unknown
Batting: RHB Jesús López 0-0: Bunt missed!
0-1: Reached on error, E6 (Groundball, 6)
Batting: SHB Orlando Deleón 0-0: Ball
1-0: Fielders Choice at 2nd, 6-4 (Groundball, 6M)
Batting: LHB Yannick Hendriksen 0-0: Ball
1-0: SINGLE (Line Drive, 34)
Orlando Deleón to second
Throwing error, E9
Orlando Deleón scores
Yannick Hendriksen to second
Batting: RHB Kade Knowles 0-0: SINGLE (Line Drive, 4)
Yannick Hendriksen to third
Batting: RHB Isaac Downey 0-0: Ball
1-0: Called Strike
1-1: Swinging Strike
1-2: Strikes out swinging
Batting: RHB Adrian Hale 0-0: Foul Ball, location: 2F
0-1: Ball
1-1: Called Strike
1-2: Ball
Kade Knowles steals 2nd base
2-2: Fly out, F6 (Line Drive, 6)
Bottom of the 1st over - 1 run(s), 2 hit(s), 2 error(s), 2 left on base; Richland 0 - Marquette 1
TOP OF THE 2ND
Richland Rails batting - Pitching for Marquette Miners : LHP Jim Unknown
Batting: RHB Miguel Vidro 0-0: Swinging Strike
0-1: DOUBLE (Line Drive, 9LS)
Batting: RHB Gustavo Berrios 0-0: Swinging Strike
0-1: Ball
1-1: Foul Ball, location: 2F
1-2: DOUBLE (Flyball, 89XD)
Miguel Vidro scores
Batting: RHB Juan Martínez 0-0: Reached on error, E5 (Groundball, 5S)
Gustavo Berrios scores
Batting: RHB Ramón Cruz 0-0: Fly out, F8 (Flyball, 8LM)
Batting: LHB Valentín Salas 0-0: Ball
1-0: Called Strike
1-1: Ball
2-1: Fly out, F9 (Line Drive, 9M)
Batting: RHB Jack Davis 0-0: Called Strike
0-1: Called Strike
0-2: Ball
1-2: Ball
Wild Pitch!
Juan Martínez to third
2-2: Ball
3-2: Base on Balls
Batting: RHB Alexis Smeddon 0-0: Called Strike
0-1: Called Strike
0-2: Ball
1-2: DOUBLE (Flyball, 8LXD)
Juan Martínez scores
Jack Davis to third
Batting: SHB Carlton Reed 0-0: Called Strike
0-1: Ground out 6-3 (Groundball, 6M)
Top of the 2nd over - 3 run(s), 3 hit(s), 1 error(s), 2 left on base; Richland 3 - Marquette 1
BOTTOM OF THE 2ND
Marquette Miners batting - Pitching for Richland Rails : RHP Jim Unknown
Batting: RHB Dave Moulin 0-0: Ball
1-0: Called Strike
1-1: Swinging Strike
1-2: DOUBLE (Groundball, 3L)
Batting: RHB Manuel Herrera 0-0: Called Strike
0-1: Ground out 6-3 (Groundball, 6)
Batting: LHB Jorge Flores 0-0: Called Strike
0-1: Foul Ball, location: 2F
0-2: Ball
1-2: Ground out 6-3 (Groundball, 6M)
Dave Moulin to third
Batting: RHB Jesús López 0-0: Called Strike
0-1: Swinging Strike
0-2: Foul Ball, location: 2F
0-2: Ball
1-2: Foul Ball, location: 2F
1-2: Fly out, F3 (Popup, 34)
Bottom of the 2nd over - 0 run(s), 1 hit(s), 0 error(s), 1 left on base; Richland 3 - Marquette 1
TOP OF THE 3RD
Richland Rails batting - Pitching for Marquette Miners : LHP Jim Unknown
Batting: RHB Tiaki Kunani 0-0: Ball
1-0: Fly out, F9 (Flyball, 9S)
Batting: RHB Miguel Vidro 0-0: Called Strike
0-1: Reached on Error, E4 (Popup, 34D)
Batting: RHB Gustavo Berrios 0-0: Ball
1-0: Foul Ball, location: 2F
1-1: Fly out, F7 (Line Drive, 7S)
Batting: RHB Juan Martínez 0-0: Ball
1-0: Ball
2-0: Swinging Strike
2-1: Called Strike
2-2: Foul Ball, location: 2F
2-2: Ball
3-2: Foul Ball, location: 2F
3-2: Base on Balls
Miguel Vidro to second
Batting: RHB Ramón Cruz 0-0: SINGLE (Line Drive, 56D)
Miguel Vidro to third
Juan Martínez to second
Runner from 3rd tries for Home, SAFE, no throw or cutoff
Batting: LHB Valentín Salas 0-0: Called Strike
0-1: Ball
1-1: Called Strike
1-2: Fielders Choice at 2nd, U4 (Groundball, 4M)
Top of the 3rd over - 1 run(s), 1 hit(s), 1 error(s), 2 left on base; Richland 4 - Marquette 1
BOTTOM OF THE 3RD
Marquette Miners batting - Pitching for Richland Rails : RHP Jim Unknown
Batting: SHB Orlando Deleón 0-0: Called Strike
0-1: Ball
1-1: Ball
2-1: Fly out, F8 (Line Drive, 8RM)
Batting: LHB Yannick Hendriksen 0-0: Ball
1-0: Swinging Strike
1-1: Fly out, F5 (Popup, 5F)
Batting: RHB Kade Knowles 0-0: Called Strike
0-1: Swinging Strike
0-2: Foul Ball, location: 2F
0-2: Hit by Pitch
Batting: RHB Isaac Downey 0-0: Ball
1-0: Ball
2-0: Called Strike
2-1: Ball
3-1: Base on Balls
Kade Knowles to second
Batting: RHB Adrian Hale 0-0: Fly out, F3 (Popup, 23F)
Bottom of the 3rd over - 0 run(s), 0 hit(s), 0 error(s), 2 left on base; Richland 4 - Marquette 1
TOP OF THE 4TH
Richland Rails batting - Pitching for Marquette Miners : LHP Jim Unknown
Batting: RHB Jack Davis 0-0: Ball
1-0: Ground out 6-3 (Groundball, 6MS)
Batting: RHB Alexis Smeddon 0-0: Ball
1-0: Called Strike
1-1: Reached on Error, E8 (Line Drive, 8RM)
Batting: SHB Carlton Reed 0-0: Fly out, F9 (Line Drive, 89M)
Batting: RHB Tiaki Kunani 0-0: Swinging Strike
0-1: Ball
1-1: Ball
2-1: Ball
3-1: Foul Ball, location: 2F
3-2: Foul Ball, location: 2F
3-2: Foul Ball, location: 2F
3-2: Foul Ball, location: 2F
3-2: Strikes out swinging
Top of the 4th over - 0 run(s), 0 hit(s), 1 error(s), 1 left on base; Richland 4 - Marquette 1
BOTTOM OF THE 4TH
Marquette Miners batting - Pitching for Richland Rails : RHP Jim Unknown
Batting: RHB Dave Moulin 0-0: Called Strike
0-1: Ball
1-1: Ball
2-1: Ground out 1-3 (Groundball, 15S)
Batting: RHB Manuel Herrera 0-0: Foul Ball, location: 2F
0-1: Called Strike
0-2: Strikes out looking
Batting: LHB Jorge Flores 0-0: Called Strike
0-1: Ground out 1-3 (Groundball, 23)
Bottom of the 4th over - 0 run(s), 0 hit(s), 0 error(s), 0 left on base; Richland 4 - Marquette 1
TOP OF THE 5TH
Richland Rails batting - Pitching for Marquette Miners : LHP Jim Unknown
Batting: RHB Miguel Vidro 0-0: Ball
1-0: Foul Ball, location: 2F
1-1: Swinging Strike
1-2: SINGLE (Groundball, 6M)
Batting: RHB Gustavo Berrios 0-0: Ball
1-0: Ball
2-0: Called Strike
2-1: Grounds into double play, 6-4-3 (Groundball, 6)
Batting: RHB Juan Martínez 0-0: Fly out, F9 (Flyball, 9LM)
Top of the 5th over - 0 run(s), 1 hit(s), 0 error(s), 0 left on base; Richland 4 - Marquette 1
BOTTOM OF THE 5TH
Marquette Miners batting - Pitching for Richland Rails : RHP Jim Unknown
Batting: RHB Jesús López 0-0: Called Strike
0-1: Ball
1-1: Swinging Strike
1-2: SINGLE (Flyball, 8LS)
Batting: SHB Orlando Deleón 0-0: Foul Ball, location: 2F
0-1: Ball
1-1: Called Strike
1-2: Fly out, F9 (Flyball, 89XD)
Batting: LHB Yannick Hendriksen 0-0: Ball
1-0: Called Strike
1-1: Ball
2-1: Ball
3-1: Fly out, F5 (Popup, 5F)
Batting: RHB Kade Knowles 0-0: Ball
Jesús López is caught stealing 2nd base
Bottom of the 5th over - 0 run(s), 1 hit(s), 0 error(s), 0 left on base; Richland 4 - Marquette 1
TOP OF THE 6TH
Richland Rails batting - Pitching for Marquette Miners : LHP Jim Unknown
Batting: RHB Ramón Cruz 0-0: Called Strike
0-1: Ball
1-1: Fly out, F8 (Flyball, 8RM)
Batting: LHB Valentín Salas 0-0: Called Strike
0-1: Foul Ball, location: 2F
0-2: Ball
1-2: Fly out, F8 (Flyball, 8RM)
Batting: RHB Jack Davis 0-0: Foul Ball, location: 2F
0-1: Reached on Error, E3 (Line Drive, 3)
Batting: RHB Alexis Smeddon 0-0: Ball
1-0: Called Strike
1-1: Foul Ball, location: 2F
1-2: Foul Ball, location: 2F
1-2: Ball
2-2: Foul Ball, location: 2F
2-2: DOUBLE (Flyball, 8LXD)
Jack Davis to third
Runner from 3rd tries for Home, SAFE, throw made at trailing runner, OUT at third!
Top of the 6th over - 1 run(s), 1 hit(s), 1 error(s), 0 left on base; Richland 5 - Marquette 1
BOTTOM OF THE 6TH
Marquette Miners batting - Pitching for Richland Rails : RHP Jim Unknown
Batting: RHB Kade Knowles 0-0: SINGLE (Line Drive, 9S)
Batting: RHB Isaac Downey 0-0: Ball
1-0: Grounds into double play, 6-4-3 (Groundball, 6)
Batting: RHB Adrian Hale 0-0: Fly out, F8 (Flyball, 8LM)
Bottom of the 6th over - 0 run(s), 1 hit(s), 0 error(s), 0 left on base; Richland 5 - Marquette 1
TOP OF THE 7TH
Richland Rails batting - Pitching for Marquette Miners : LHP Jim Unknown
Batting: SHB Carlton Reed 0-0: Ball
1-0: Foul Ball, location: 2F
1-1: DOUBLE (Line Drive, 7LS)
Pitching: RHP Miguel Ruíz
Batting: RHB Tiaki Kunani 0-0: Foul Ball, location: 2F
0-1: Ball
1-1: Reached on error, E6 (Groundball, 6)
Carlton Reed to third
Batting: RHB Miguel Vidro 0-0: Fielders Choice at 2nd, 6-4 (Groundball, 6M)
Carlton Reed scores
Batting: RHB Gustavo Berrios 0-0: Ball
1-0: Ball
2-0: Ball
3-0: Called Strike
3-1: Grounds into double play, 5-4-3 (Groundball, 5L)
Top of the 7th over - 1 run(s), 1 hit(s), 1 error(s), 0 left on base; Richland 6 - Marquette 1
BOTTOM OF THE 7TH
Marquette Miners batting - Pitching for Richland Rails : RHP Jim Unknown
Batting: RHB Dave Moulin 0-0: Ground out 6-3 (Groundball, 6)
Batting: RHB Manuel Herrera 0-0: Ball
1-0: Foul Ball, location: 2F
1-1: Ball
2-1: Ball
3-1: Swinging Strike
3-2: Strikes out swinging
Batting: LHB Jorge Flores 0-0: Ball
1-0: SINGLE (Groundball, 6M)
Batting: RHB Jesús López 0-0: Ground out 4-3 (Groundball, 4)
Bottom of the 7th over - 0 run(s), 1 hit(s), 0 error(s), 1 left on base; Richland 6 - Marquette 1
TOP OF THE 8TH
Richland Rails batting - Pitching for Marquette Miners : RHP Miguel Ruíz
Batting: RHB Juan Martínez 0-0: Ball
1-0: Fly out, F7 (Flyball, 78M)
Batting: RHB Ramón Cruz 0-0: Called Strike
0-1: Ball
1-1: Ball
2-1: Foul Ball, location: 2F
2-2: Fly out, F8 (Flyball, 8RM)
Batting: LHB Valentín Salas 0-0: Called Strike
0-1: Ball
1-1: Ball
2-1: SINGLE (Groundball, 34D)
Batting: RHB Jack Davis 0-0: Called Strike
0-1: Called Strike
0-2: Ball
1-2: Ball
2-2: Ball
3-2: Foul Ball, location: 2F
3-2: Foul Ball, location: 2F
3-2: Base on Balls
Valentín Salas to second
Batting: RHB Alexis Smeddon 0-0: Called Strike
0-1: Ground out 5-3 (Groundball, 5S)
Top of the 8th over - 0 run(s), 1 hit(s), 0 error(s), 2 left on base; Richland 6 - Marquette 1
BOTTOM OF THE 8TH
Marquette Miners batting - Pitching for Richland Rails : RHP Jim Unknown
Batting: SHB Orlando Deleón 0-0: Ball
1-0: Called Strike
1-1: Foul Ball, location: 2F
1-2: Foul Ball, location: 2F
1-2: Ball
2-2: SINGLE (Groundball, 34D) (infield hit)
Batting: LHB Yannick Hendriksen 0-0: Ball
1-0: Fly out, F9 (Flyball, 89M)
Batting: RHB Kade Knowles 0-0: Ball
1-0: Called Strike
1-1: Ball
2-1: Swinging Strike
2-2: Strikes out swinging
Batting: RHB Isaac Downey 0-0: Ball
1-0: Called Strike
1-1: Ball
2-1: SINGLE (Line Drive, 5)
Orlando Deleón to second
Batting: RHB Adrian Hale 0-0: Ground out 1-3 (Groundball, 15)
Bottom of the 8th over - 0 run(s), 2 hit(s), 0 error(s), 2 left on base; Richland 6 - Marquette 1
TOP OF THE 9TH
Richland Rails batting - Pitching for Marquette Miners : RHP Miguel Ruíz
Pitching: RHP Gabriel Rodríguez
Batting: SHB Carlton Reed 0-0: Ball
1-0: Called Strike
1-1: Called Strike
1-2: Strikes out swinging
Batting: RHB Tiaki Kunani 0-0: Ball
1-0: Foul Ball, location: 2F
1-1: Ball
2-1: Ball
3-1: Ground out 6-3 (Groundball, 56)
Batting: RHB Miguel Vidro 0-0: Called Strike
0-1: SINGLE (Groundball, 13) (infield hit)
Batting: RHB Gustavo Berrios 0-0: Foul Ball, location: 2F
0-1: Ball
1-1: Foul Ball, location: 2F
1-2: Ball
2-2: Strikes out swinging
Top of the 9th over - 0 run(s), 1 hit(s), 0 error(s), 1 left on base; Richland 6 - Marquette 1
BOTTOM OF THE 9TH
Marquette Miners batting - Pitching for Richland Rails : RHP Jim Unknown
Now at 1B: Andrew Hall
Batting: RHB Dave Moulin 0-0: Ball
1-0: Ball
2-0: Ball
3-0: Called Strike
3-1: Fly out, F7 (Flyball, 78M)
Batting: RHB Manuel Herrera 0-0: Ball
1-0: Ball
2-0: Foul Ball, location: 2F
2-1: Foul Ball, location: 2F
2-2: Fly out, F9 (Flyball, 9M)
Batting: LHB Jorge Flores 0-0: Ball
1-0: SINGLE (Line Drive, 7S)
Batting: RHB Jesús López 0-0: Called Strike
0-1: Swinging Strike
0-2: Ball
1-2: Strikes out swinging
Bottom of the 9th over - 0 run(s), 1 hit(s), 0 error(s), 1 left on base; Richland 6 - Marquette 1
This league is powered by Out of the Park Baseball, the baseball management simulation game for PC, Mac and Linux
Friday, October 23rd, 2015 - OOTP Baseball 16.9 Build 39